 Dungeon Crawl Stone Soup version 0.18-a0-750-g37044d6 (webtiles) character file.

126 JokEr the Ruffian (level 5, -2/48 HPs)
             Began as a Ghoul Monk on Dec 11, 2015.
             Slain by a wight
             ... wielding a +0 scimitar
              (9 damage)
             ... on level 3 of the Dungeon.
             The game lasted 00:04:24 (1996 turns).

JokEr the Ruffian (Ghoul Monk)                      Turns: 1996, Time: 00:04:24

Health: -2/48      AC:  5    Str: 16    XL:     5   Next: 10%
Magic:  4/4        EV: 11    Int:  5    God:
Gold:   91         SH:  0    Dex: 11    Spells: 0 memorised, 4 levels left

rFire  . . .     SeeInvis .       - Unarmed
rCold  + . .     Clarity  .     d - +0 ring mail
rNeg   + + +     SustAt   .     (no shield)
rPois  ∞         Gourm    .     (no helmet)
rElec  .         Spirit   .     (no cloak)
rCorr  .         Dismiss  .     (no gloves)
rMut   .         Stasis   .     (no boots)
MR     .....                    (no amulet)
Stlth  +.........               (no ring)
                                (no ring)

@: rotting, not resistant to hostile enchantments, very unstealthy
A: rotting body, claws 1, carnivore 3, cold resistance 1, negative energy
resistance 3, slow regeneration 1, torment resistance, unbreathing
a: no special abilities


You were on level 3 of the Dungeon.
You were not hungry.

You visited 1 branch of the dungeon, and saw 3 of its levels.

You collected 91 gold pieces.

Inventory:

Armour
 d - a +0 ring mail (worn)
Jewellery
 n - a cursed -5 ring of protection {unknown}
Scrolls
 a - a scroll of remove curse {unknown}
 c - 3 scrolls of enchant armour {unknown}
 g - a scroll of identify {unknown}
 i - a scroll of blinking {unknown}
 j - 4 scrolls of recharging {unknown}
Potions
 b - a potion of degeneration {unknown}
 e - 2 potions of agility {unknown}
 h - 2 potions of flight {unknown}
 k - a potion of resistance {unknown}
 l - a potion of curing {unknown}
 o - a potion of haste {unknown}
Comestibles
 f - a beef jerky
 m - 5 chunks of flesh


   Skills:
 + Level 5.0 Fighting
 - Level 2.6 Dodging
 - Level 2.1 Stealth
 + Level 5.7 Unarmed Combat


You had 4 spell levels left.
You didn't know any spells.

Dungeon Overview and Level Annotations

Branches:
Dungeon (3/15)

Altars:


Innate Abilities, Weirdness & Mutations

Your body is rotting away.
You thrive on raw meat.
You are immune to poison.
You have sharp fingernails.
You are carnivorous and can eat meat at any time.
Your flesh is cold resistant.
You are immune to negative energy.
You regenerate slowly when monsters are visible.
You are immune to unholy pain and torment.
You can survive without breathing.


Message History

The wight hits you from afar with an enchanted halberd!
You closely miss the wight.
The wight is lightly damaged.
The wight closely misses you.
The wight hits you from afar with an enchanted halberd.
You scratch the wight but do no damage.
The wight is lightly damaged.
The wight completely misses you.
The wight hits you from afar with an enchanted halberd!
You scratch the wight.
The wight is lightly damaged.
You scratch the wight but do no damage.
The wight is lightly damaged.
The wight barely misses you.
The wight hits you from afar with an enchanted halberd!
* * * LOW HITPOINT WARNING * * *
You closely miss the wight.
The wight is lightly damaged.
The wight hits you with a scimitar!
You die...

......#............#
...
#....#.#####.#..#####.#
#....#....##.#.......
+....#...........##
#....#.##.##.#.#.#
#.........)..#...+
#####...##..#...#.#
........##......#...
........###@#.#.# ...
.........###z#..... ...
...........zz###.##....
......##.z#..# .# .
...... ##.#....# #
##### #z...### ##....
...##. ###.. ..


You could see 3 wights.

Vanquished Creatures
  Ijyb (D:2)
  2 adders (D:2)
  3 gnolls (D:2)
  2 giant geckos (D:1)
  3 orcs (D:3)
  4 giant cockroaches
  4 goblins
  9 hobgoblins
  2 jackals (D:2)
  9 kobolds
  2 bats
  2 rats (D:1)
43 creatures vanquished.

Notes
Turn   | Place    | Note
--------------------------------------------------------------
     0 | D:1      | JokEr the Ghoul Monk began the quest for the Orb.
     0 | D:1      | Reached XP level 1. HP: 19/19 MP: 0/0
   151 | D:1      | Reached XP level 2. HP: 25/25 MP: 1/1
   522 | D:1      | Reached XP level 3. HP: 33/33 MP: 2/2
   698 | D:2      | Noticed Ijyb
   748 | D:2      | Killed Ijyb
   748 | D:2      | Reached skill level 5 in Unarmed Combat
   876 | D:2      | Reached XP level 4. HP: 24/40 MP: 3/3
  1631 | D:2      | Reached XP level 5. HP: 37/46 MP: 4/4
  1902 | D:3      | Reached skill level 5 in Fighting
  1996 | D:3      | Slain by a wight

Vault maps used:
D:1:      co_arrival_random_square_maze
D:2:      uniq_iyjb
D:3:      minmay_misc_feat_cross, corexii_leaking_fountain, uniq_robin

Action                   |  1- 3 |  4- 6 || total
-------------------------+-------+-------++-------
Melee: Unarmed           |    85 |    85 ||   170
  Eat: Chunk             |    10 |     4 ||    14
       Meat ration       |       |     1 ||     1
